 Dungeon Crawl Stone Soup version 0.31-a0-819-gf6de2f5ab6 (webtiles) character file.

Game seed: 16019609763236664983

296 qw the Shooter (level 6, 0/39 HPs)
             Began as a Gargoyle Hunter on Sept 23, 2023.
             Slain by Duvessa
             ... wielding a +0 short sword
              (1 damage)
             ... on level 4 of the Dungeon.
             The game lasted 00:01:04 (2843 turns).

qw the Shooter (Gargoyle Hunter)                    Turns: 2843, Time: 00:01:04

Health: 0/39       AC: 10    Str: 15    XL:     6   Next: 34%
Magic:  6/6        EV: 11    Int:  9    God:
Gold:   168        SH:  0    Dex: 15    Spells: 5/5 levels left

rFire   + . .        Y - +0 shortbow
rCold   . . .        (shield currently unavailable)
rNeg    + . .        a - +0 ring mail
rPois   inf          (no helmet)
rElec   +            (no cloak)
rCorr   .            (no gloves)
SInv    .            c - +0 pair of boots
Will    .....        (no amulet)
Stlth   +            k - ring of protection from fire
HPRegen 0.26/turn    (no ring)
MPRegen 0.10/turn

%: no passive effects
@: about to teleport
A: sickness immunity, AC +4, negative energy resistance 1, electricity
resistance, torment resistance 1, petrification resistance
a: no special abilities


You were on level 4 of the Dungeon.
You visited 1 branch of the dungeon, and saw 4 of its levels.

You collected 168 gold pieces.


Innate Abilities, Weirdness & Mutations

You are immune to sickness and miasma.
Your stone body is resilient. (AC +4)
You are immune to poison.
You resist negative energy. (rN+)
You are resistant to electric shocks. (rElec)
You are resistant to unholy torment.
You are immune to petrification.


   Skills:
 - Level 4.3 Fighting
 + Level 6.3 Ranged Weapons
 - Level 1.3 Armour
 - Level 1.5 Dodging
 - Level 1.1 Stealth


You had 5 spell levels left.
You didn't know any spells.
Your spell library was empty.

Inventory:

Hand Weapons
 Y - a +0 shortbow (weapon)
Armour
 a - a +0 ring mail (worn)
 c - a +0 pair of boots (worn)
Jewellery
 k - a ring of protection from fire (left hand)
 n - a +4 ring of slaying {mikee}
Wands
 d - a wand of digging (2)
Scrolls
 g - a scroll of fog {unknown}
 l - a scroll of enchant weapon {unknown}
Potions
 e - a potion of heal wounds {unknown}
 f - a potion of curing
 h - a potion of haste {unknown}
 i - a potion of resistance
 j - a potion of brilliance {unknown}
 m - a potion of degeneration {unknown}

Dungeon Overview and Level Annotations

Branches:
Dungeon (4/15)
 Temple: D:4-7

Altars:
Hepliaklqana
Trog
Zin

Shops:
D:3 =

Annotations:
D:4 Dowan, Duvessa


Message History

You shoot an arrow. The arrow barely misses Duvessa.
Duvessa says, "My weaknesses are his strengths!"
Duvessa hits you with a +0 short sword.
You shoot an arrow. The arrow hits Duvessa.
Duvessa is moderately wounded.
Duvessa closely misses you.
Dowan gestures at Duvessa while chanting.
Duvessa seems to speed up.
Duvessa hits you but does no damage.
You shoot an arrow.
The arrow hits Duvessa but does no damage.
Duvessa is moderately wounded.
Duvessa hits you with a +0 short sword.
You shoot an arrow. The arrow closely misses Duvessa.
The arrow hits Dowan but does no damage.
Dowan is moderately wounded.
Duvessa hits you but does no damage. Duvessa barely misses you.
Dowan says, "Where the sword fails, magic succeeds!"
Dowan gestures wildly while chanting.
Dowan blinks!
You shoot an arrow.
The arrow hits Duvessa but does no damage.
Duvessa is moderately wounded.
Duvessa hits you with a +0 short sword. x2
You shoot an arrow.
The arrow hits Duvessa but does no damage.
Duvessa is moderately wounded.
Duvessa barely misses you. Duvessa hits you with a +0 short sword.
You shoot an arrow. The arrow barely misses Duvessa.
Duvessa hits you with a +0 short sword.
You shoot an arrow.
The arrow hits Duvessa but does no damage.
Duvessa is moderately wounded.
Duvessa hits you with a +0 short sword. x2
Dowan mumbles some strange words.
Dowan blinks!
2843 ||| READING scroll of teleportation.
As you read the scroll of teleportation, it crumbles to dust.
You feel strangely unstable.
Duvessa hits you with a +0 short sword. x2
You die...

#.. #.##.#. . # #
#..#.#. #.########
#.##.#.#. #........#
#..<..?#.
#......>.##############.
###............. #.
......ยค......e)# ##
#####+#e####.... #@# #
#.# #.# #.# #.# #.#
#.###### #......# .##
######.# )..


You could see Duvessa (fast).

Vanquished Creatures
  A sky beast (D:4)
  A scorpion (D:4)
  A hound (D:3)
  6 adders
  A worm (D:2)
  2 dart slugs
  3 orcs
  5 endoplasms
  A giant cockroach (D:1)
  8 goblins
  2 hobgoblins
  2 jackals (D:2)
  3 quokkas
  6 ball pythons
  7 bats
  4 frilled lizards
  4 kobolds
  3 rats (D:1)
60 creatures vanquished.

Notes
Turn   | Place    | Note
-------+----------+-------------------------------------------
     0 | D:1      | qw the Gargoyle Hunter began the quest for the Orb.
     0 | D:1      | Reached XP level 1. HP: 12/12 MP: 1/1
     0 | D:1      | 0 ||| qw: Version: 0.3-a-83-gcd0e7d8
     0 | D:1      | 0 ||| qw: Game counter: 1682
     0 | D:1      | 0 ||| qw: Melee chars always use a shield: true
     0 | D:1      | 0 ||| qw: God list: Okawaru
     0 | D:1      | 0 ||| qw: Allow faded altars: false
     0 | D:1      | 0 ||| qw: Do Orc after clearing Dungeon:15 true
     0 | D:1      | 0 ||| qw: Do second Lair branch before Depths: true
     0 | D:1      | 0 ||| qw: Lair rune preference: random
     0 | D:1      | 0 ||| qw: Goals: Normal
     0 | D:1      | 0 ||| PLANNING D:1-11
   213 | D:1      | Reached XP level 2. HP: 17/17 MP: 2/2
   946 | D:1      | 946 ||| READING scroll labelled PYNUQI HALAPT.
   947 | D:1      | 947 ||| READING 6 scrolls labelled SEV IHOEMONGIL.
   948 | D:1      | 948 ||| READING 2 scrolls labelled JURAEV PUAH.
   949 | D:1      | 949 ||| READING scroll labelled PADDUQAWKU.
   950 | D:1      | 950 ||| READING scroll labelled TOGHIR ILLIAXUMIENK.
   951 | D:1      | 951 ||| READING scroll labelled JOODASTR CIUKH.
   955 | D:1      | 955 ||| DROPPING scroll of butterflies.
   956 | D:1      | 956 ||| DROPPING 5 scrolls of amnesia.
   957 | D:1      | 957 ||| DROPPING scroll of poison.
  1024 | D:2      | Reached XP level 3. HP: 21/21 MP: 3/3
  1040 | D:2      | Reached skill level 5 in Ranged Weapons
  1260 | D:2      | Reached skill level 3 in Fighting
  1306 | D:2      | Reached XP level 4. HP: 28/28 MP: 4/4
  1869 | D:2      | 1869 ||| UPGRADING to +0 ring mail.
  1879 | D:2      | 1879 ||| DROPPING +0 leather armour.
  1880 | D:2      | 1880 ||| DRINKING 2 fuming black potions.
  1947 | D:3      | Found a hazy altar of Hepliaklqana.
  1998 | D:3      | Reached skill level 1 in Armour
  2058 | D:3      | Found a bloodstained altar of Trog.
  2141 | D:3      | Found Uffis's Jewellery Shoppe.
  2153 | D:3      | Reached XP level 5. HP: 32/32 MP: 5/5
  2161 | D:3      | 2161 ||| SHOPLISTING +6 ring of dexterity (360 gold, have
                  | 132).
  2161 | D:3      | 2161 ||| SHOPLISTING amulet of faith (400 gold, have 132).
  2161 | D:3      | 2161 ||| SHOPLISTING amulet of regeneration (300 gold, have
                  | 132).
  2161 | D:3      | 2161 ||| SHOPLISTING ring of fire (250 gold, have 132).
  2280 | D:3      | Found a faded altar of an unknown god.
  2405 | D:3      | 2405 ||| UPGRADING to +0 pair of boots.
  2410 | D:3      | 2410 ||| UPGRADING to ring of protection from fire.
  2411 | D:3      | 2411 ||| READING scroll labelled LIRETTILEUK.
  2412 | D:3      | 2412 ||| READING scroll labelled UMED RIBLAFRI.
  2413 | D:3      | 2413 ||| DRINKING 2 glowing pink potions.
  2455 | D:4      | Found a glowing silver altar of Zin.
  2529 | D:4      | Reached skill level 6 in Ranged Weapons
  2561 | D:4      | Identified the +4 dagger "Qetryu Otuc" {spect, rN+ Will+
                  | Int-4 Dex+2}
  2562 | D:4      | Noticed a sky beast
  2587 | D:4      | Killed a sky beast
  2588 | D:4      | Reached XP level 6. HP: 23/39 MP: 6/6
  2817 | D:4      | Noticed Duvessa
  2822 | D:4      | Noticed Dowan
  2823 | D:4      | 2823 ||| Stepping ~*~*~tactically~*~*~ (retreating).
  2824 | D:4      | 2824 ||| Stepping ~*~*~tactically~*~*~ (retreating).
  2842 | D:4      | HP: 9/39 [Duvessa/+0 short sword (3)]
  2843 | D:4      | 2843 ||| READING scroll of teleportation.
  2843 | D:4      | HP: 1/39 [Duvessa/+0 short sword (4)]
  2843 | D:4      | Slain by Duvessa

Levels and vault maps discovered:
D:1:      eino_arrival_tree_alley, layout_basic, minmay_quantized
D:2:      minmay_spotlight, layout_basic, serial_aquarium,
          aquarium_bridge_straight [aquarium_subvault_bridge,
          aquarium_subvault_wall, aquarium_subvault_bridge,
          aquarium_subvault_wall], aquarium_window_fake, aquarium_window_1,
          aquarium_window_2, aquarium_window_2, aquarium_view_4,
          aquarium_balcony_3a, aquarium_pool_2
D:3:      layout_basic, trog_three_pillars_becter, old_standard_altar,
          serial_shops, nicolae_shop_crystal,
          shapermc_ecumenical_altar_acropolis
D:4:      layout_basic, zin_scriptorium, nicolae_ru_sacrificial_ziggurat,
          kennysheep_cross_bottleneck, uniq_duvessa

Skill      XL: |  1  2  3  4  5 |
---------------+----------------+-----
Ranged Weapons | 5 6 |  6.3
Fighting       | 3 4 |  4.3
Armour         | 1 |  1.3
Dodging        | |  1.5
Stealth        | |  1.1

Action                     |  1- 3 |  4- 6 || total
---------------------------+-------+-------++-------
   Fire: Shortbow          |   117 |   125 ||   242
    Use: Scroll            |     6 |     3 ||     9
         Potion            |       |     2 ||     2
 Armour: Leather armour    |    38 |       ||    38
         Ring mail         |       |    69 ||    69
  Dodge: Dodged            |    32 |    31 ||    63

Table legend:
 A = Non-vault XP
 B = Vault XP
 C = Vault XP percentage of total XP
 D = Non-vault monster count
 E = Vault monster count
 F = Vault count percentage of total count
                 A         B        C        D         E       F
            +---------+---------+-------+---------+---------+-------
      Total |     407 |      16 |   3.8 |      52 |       8 |  13.3
            +---------+---------+-------+---------+---------+-------
        D:1 |      25 |       3 |  10.7 |      16 |       2 |  11.1
        D:2 |      47 |      13 |  21.7 |      13 |       6 |  31.6
        D:3 |      90 |       0 |   0.0 |      14 |       0 |   0.0
        D:4 |     245 |       0 |   0.0 |       9 |       0 |   0.0
            +---------+---------+-------+---------+---------+-------
